[Event "Early-Titled-Tuesday-Blitz-February-27-2024"]
[Site "Chess.com"]
[Date "2024.02.27"]
[Round "4"]
[White "AcostaPablo"]
[Black "mishanick"]
[Result "0-1"]
[WhiteElo "2636"]
[BlackElo "3080"]
[TimeControl "180+1"]
[EndTime "8:35:36 PST"]
[Termination "mishanick won by checkmate"]

1. d4 Nf6 2. c4 e6 3. Nc3 d5 4. Nf3 Nbd7 5. Bg5 h6 6. Bh4 c6 7. e3 Be7 8. Be2 O-O 9. O-O dxc4 10. Bxc4 b5 11. Bd3 Bb7 12. Qe2 a6 13. a4 b4 14. Ne4 c5 15. Bxf6 Bxf6 16. Nxc5 Nxc5 17. dxc5 Qa5 18. Rfc1 Rfc8 19. Nd4 Rxc5 20. Nb3 Rxc1+ 21. Rxc1 Qd5 22. Qf3 Qxd3 23. Qxb7 Rd8 24. Nd4 e5 25. Nf3 Qd1+ 26. Rxd1 Rxd1+ 27. Ne1 Rxe1# 0-1

[Event "Early-Titled-Tuesday-Blitz-February-27-2024"]
[Site "Chess.com"]
[Date "2024.02.27"]
[Round "4"]
[White "AlexTruskavetsky"]
[Black "krucki03"]
[Result "1-0"]
[WhiteElo "2739"]
[BlackElo "2540"]
[TimeControl "180+1"]
[EndTime "8:35:39 PST"]
[Termination "AlexTruskavetsky won on time"]

1. d4 Nf6 2. c4 c5 3. dxc5 e6 4. Nf3 Bxc5 5. a3 a5 6. g3 Nc6 7. Bg2 O-O 8. O-O b6 9. b3 Bb7 10. Bb2 Qe7 11. Nc3 Rfd8 12. Qc2 Rac8 13. Rad1 d5 14.
cxd5 exd5 15. e3 d4 16. exd4 Nxd4 17. Nxd4 Bxd4 18. Bxb7 Qxb7 19. Rd3 Ng4 20. Rxd4 Rxd4 21. Qe2 Nf6 22. Nb5 Rdd8 23. Bxf6 gxf6 24. Qg4+ 1-0

[Event "Early-Titled-Tuesday-Blitz-February-27-2024"]
[Site "Chess.com"]
[Date "2024.02.27"]
[Round "4"]
[White "Alexei_Gubajdullin"]
[Black "nihalsarin"]
[Result "0-1"]
[WhiteElo "2640"]
[BlackElo "3189"]
[TimeControl "180+1"]
[EndTime "8:35:45 PST"]
[Termination "nihalsarin won by checkmate"]

1. Nf3 Nf6 2. g3 b6 3. Bg2 Bb7 4. O-O g6 5. c4 Bg7 6. b3 O-O 7. Bb2 e6 8. d3 d5 9. e3 c5 10. Qe2 Nc6 11. Nc3 Rc8 12. Rad1 Re8 13. e4 Nd4 14. Nxd4 cxd4 15. Nb5 dxe4 16. dxe4 e5 17. Nxa7 Ra8 18. Nb5 Rxa2 19. Ra1 d3 20. Qd2 Rxa1 21. Rxa1 Bxe4 22. f3 Bc6 23. Ra7 Bxb5 24. cxb5 Qd5 25. Bf1 Rd8 26. Ba3 Qxf3 27. Be7 Ne4 28. Qg2 Qe3+ 29. Kh1 d2 30. Bxd8 d1=Q 31. Ra8 Bf8 32. Be7 Qdf3 33. Bxf8 Nf2+ 34. Kg1 Nh3+ 35. Kh1 Qg1# 0-1

[Event "Early-Titled-Tuesday-Blitz-February-27-2024"]
[Site "Chess.com"]
[Date "2024.02.27"]
[Round "4"]
[White "HansOnTwitch"]
[Black "AttackSparrow"]
[Result "1-0"]
[WhiteElo "3149"]
[BlackElo "2639"]
[TimeControl "180+1"]
[EndTime "8:35:45 PST"]
[Termination "HansOnTwitch won by resignation"]

1. e4 e5 2. Nf3 Nc6 3. Bc4 Nf6 4. d3 Be7 5. O-O O-O 6. Re1 d6 7. a4 Na5 8. Ba2 c5 9. c3 Nc6 10. Na3 h6 11. h3 a6 12. Nc2 Be6 13. Bxe6 fxe6 14.
b4 cxb4 15. Nxb4 d5 16. Nxc6 bxc6 17. Nxe5 Qc7 18. Ng6 Rf7 19. e5 Nh7 20. Qg4 Qd7 21. Bxh6 Bc5 22. d4 gxh6 23. dxc5 Rg7 24. Re3 Nf8 25. Nxf8 Rxf8 26. Qh4 Qf7 27. Rf1 Qf4 28. Qxf4 Rxf4 29. Rb1 Rxa4 30. Rb6 Rc7 31. Rg3+ Kf7 32. Rb8 Rf4 33. Rgg8 Rc4 34. Rbf8+ Ke7 35. Rf6 Rd7 36. Rxh6 Rf4 37. Rh7+ Rf7 38. Rhh8 Rf5 39. f4 d4 40. g4 Rf7 1-0

[Event "Early-Titled-Tuesday-Blitz-February-27-2024"]
[Site "Chess.com"]
[Date "2024.02.27"]
[Round "4"]
[White "ImportedItalianMaple"]
[Black "mjray79"]
[Result "0-1"]
[WhiteElo "2549"]
[BlackElo "2758"]
[TimeControl "180+1"]
[EndTime "8:35:50 PST"]
[Termination "mjray79 won by resignation"]

1. Nf3 d5 2. g3 Bg4 3. Bg2 c6 4. O-O Nd7 5. d4 e6 6. c4 Ngf6 7. cxd5 exd5 8. Nc3 Bd6 9. h3 Bh5 10. Qb3 Qb6 11. Qxb6 axb6 12. Nd2 b5 13. e4 b4 14.
e5 bxc3 15. bxc3 Ba3 16. exf6 Nxf6 17. Re1+ Kd7 18. Nb3 Bxc1 19. Raxc1 b6 20. Rc2 Bg6 21. Rce2 Rhe8 22. Rxe8 Nxe8 23. Re2 Nd6 24. f4 Bb1 25.
Nc1 Nc4 26. Kf2 Ra3 27. Bf3 Rxc3 28. Bg4+ f5 0-1

[Event "Early-Titled-Tuesday-Blitz-February-27-2024"]
[Site "Chess.com"]
[Date "2024.02.27"]
[Round "4"]
[White "bazar-wokzal"]
[Black "szachmistrz2500"]
[Result "1-0"]
[WhiteElo "2678"]
[BlackElo "2414"]
[TimeControl "180+1"]
[EndTime "8:35:51 PST"]
[Termination "bazar-wokzal won by resignation"]

1. e4 c5 2. c3 Nf6 3. e5 Nd5 4. d4 cxd4 5. cxd4 d6 6. Bc4 e6 7. Nf3 Nc6 8. O-O Be7 9. Qe2 O-O 10. Qe4 Ndb4 11. Bb3 a5 12. Nc3 Re8 13. a3 Na6 14. Bc2 g6 15. Bh6 Bd7 16. h4 b5 17. Qf4 b4 18. Ne4 dxe5 19. dxe5 Nc5 20. Nfg5 Rf8 21.
Nxc5 Bxc5 22. Rad1 Ra7 23. Ba4 Rc7 24. Bxc6 Rxc6 25.
Rxd7 Qxd7 26. Qf6 1-0

[Event "Early-Titled-Tuesday-Blitz-February-27-2024"]
[Site "Chess.com"]
[Date "2024.02.27"]
[Round "4"]
[White "GilbertoHernandezAmura"]
[Black "Klavdia_Nik"]
[Result "1-0"]
[WhiteElo "2472"]
[BlackElo "2131"]
[TimeControl "180+1"]
[EndTime "8:35:51 PST"]
[Termination "GilbertoHernandezAmura won by resignation"]

1. e4 c5 2. Nc3 Nc6 3. Bc4 g6 4. f4 d6 5. Nf3 Bg7 6. O-O e6 7. f5 exf5 8. d3 Nge7 9. Qe1 O-O 10. Qh4 Na5 11. Bg5 Re8 12. Nd5 Nxc4 13. Nxe7+ Rxe7 14. Bxe7 Qb6 15. dxc4 Qxb2 16. Bxd6 Qxc2 17. Qd8+ 1-0

[Event "Early-Titled-Tuesday-Blitz-February-27-2024"]
[Site "Chess.com"]
[Date "2024.02.27"]
[Round "4"]
[White "HATilay"]
[Black "elchacal664"]
[Result "1-0"]
[WhiteElo "2627"]
[BlackElo "2426"]
[TimeControl "180+1"]
[EndTime "8:35:52 PST"]
[Termination "HATilay won by resignation"]

1. e4 d5 2. exd5 Qxd5 3. Nc3 Qd6 4. d4 a6 5. g3 b5 6. Bg2 c6 7. Bf4 Qd7 8. Qf3 Bb7 9. O-O-O e6 10. Nh3 Nf6 11. Rhe1 Be7 12. g4 O-O 13. g5 Nd5 14.
Ne4 Nxf4 15. Qxf4 a5 16. Nf6+ gxf6 17. gxf6 Kh8 18. fxe7 Qxe7 19. Be4 Rg8 20. Rg1 Nd7 21. Bxh7 Kxh7 22. Ng5+ Rxg5 23. Rxg5 Qf6 24. Rh5+ Kg7 25. Rg1+ Kf8 26. Qd6+ 1-0

[Event "Early-Titled-Tuesday-Blitz-February-27-2024"]
[Site "Chess.com"]
[Date "2024.02.27"]
[Round "4"]
[White "Firouzja2003"]
[Black "Zavgorodniy_Sergiy"]
[Result "1-0"]
[WhiteElo "3076"]
[BlackElo "2634"]
[TimeControl "180+1"]
[EndTime "8:35:53 PST"]
[Termination "Firouzja2003 won by checkmate"]

1. d4 d5 2. e3 Nf6 3. Ne2 e6 4. g3 Be7 5. Bg2 O-O 6. O-O b6 7. c4 Bb7 8. Nbc3 Nbd7 9. b3 c5 10. cxd5 exd5 11. Bb2 Rc8 12. dxc5 Nxc5 13. Nf4 Nce4 14.
Ncxd5 Nxd5 15. Bxe4 Nxf4 16. Bxb7 Qxd1 17. Raxd1 Ne2+ 18.
Kg2 Rc2 19. Ba1 Rxa2 20. Bf3 Bb4 21. Rd7 a5 22. Be5 Nc3 23. Rc1 Nb5 24. Bd5 Bd2 25.
Rxf7 Nc3 26. Rxg7+ Kh8 27. Rg8# 1-0

[Event "Early-Titled-Tuesday-Blitz-February-27-2024"]
[Site "Chess.com"]
[Date "2024.02.27"]
[Round "4"]
[White "JAN2404"]
[Black "ClauSanLuis"]
[Result "0-1"]
[WhiteElo "1959"]
[BlackElo "2278"]
[TimeControl "180+1"]
[EndTime "8:35:53 PST"]
[Termination "ClauSanLuis won by resignation"]

1. e4 g6 2. Nf3 Bg7 3. c3 d6 4. Bc4 c6 5. a4 Nd7 6. d3 Ngf6 7.
h3 d5 8. exd5 cxd5 9. Bb3 Nc5 10. Be3 Nxb3 11. Qxb3 O-O 12. Nbd2 Bf5 13. Ne5 Qc7 14.
Ndf3 Rad8 15. Bxa7 Rd6 16. O-O-O Ne8 17. g4 Be6 18.
Bd4 f6 19. h4 fxe5 20. Nxe5 Ra6 21. h5 Bxe5 22. hxg6 hxg6 23. Qb4 Bxd4 24. Qxd4 Qf4+ 0-1

[Event "Early-Titled-Tuesday-Blitz-February-27-2024"]
[Site "Chess.com"]
[Date "2024.02.27"]
[Round "4"]
[White "Kotofeyca"]
[Black "hakanazeri2"]
[Result "1-0"]
[WhiteElo "2437"]
[BlackElo "2604"]
[TimeControl "180+1"]
[EndTime "8:35:54 PST"]
[Termination "Kotofeyca won by resignation"]

1. d4 Nf6 2. c4 e6 3. Nf3 d5 4. cxd5 exd5 5. Nc3 c6 6. Bg5 Be7 7.
Qc2 g6 8. e3 Bf5 9. Bd3 Bxd3 10. Qxd3 Nbd7 11. O-O h6 12. Bh4 O-O 13. Rab1 Re8 14.
b4 b5 15. a4 a6 16. a5 Bd6 17. Rfe1 Qe7 18. e4 dxe4 19. Nxe4 g5 20. Nexg5 Qxe1+ 21. Rxe1 Rxe1+ 22. Nxe1 hxg5 23. Bxg5 Nd5 24. Qf5 Nf8 25.
Nd3 Ne6 26. Bf6 Nxf6 27. Qxf6 Rd8 28. h4 Bf8 29. Ne5 1-0

[Event "Early-Titled-Tuesday-Blitz-February-27-2024"]
[Site "Chess.com"]
[Date "2024.02.27"]
[Round "4"]
[White "GodzillaChessYoutube"]
[Black "Defenstrator"]
[Result "1-0"]
[WhiteElo "2677"]
[BlackElo "2413"]
[TimeControl "180+1"]
[EndTime "8:35:55 PST"]
[Termination "GodzillaChessYoutube won by checkmate"]

1. d4 Nf6 2. Bf4 c6 3. e3 g5 4. Bg3 h5 5. f3 h4 6. Bf2 d5 7. h3 Bf5 8. Bd3 e6 9. Ne2 c5 10. Bxf5 exf5 11. dxc5 Bxc5 12. c3 g4 13. hxg4 fxg4 14.
Rxh4 Rxh4 15. Bxh4 gxf3 16. gxf3 Bxe3 17. Qd3 Bc1 18. Na3 Bh6 19. Nd4 Nbd7 20. Nf5 Bf4 21. Qd4 Be5 22. Qb4 a5 23. Ng7# 1-0

[Event "Early-Titled-Tuesday-Blitz-February-27-2024"]
[Site "Chess.com"]
[Date "2024.02.27"]
[Round "4"]
[White "Bkmzzzzz"]
[Black "DonCiao"]
[Result "1-0"]
[WhiteElo "2383"]
[BlackElo "2099"]
[TimeControl "180+1"]
[EndTime "8:35:55 PST"]
[Termination "Bkmzzzzz won by checkmate"]

1. e4 c5 2. Nf3 Nc6 3. Bb5 g6 4. O-O Bg7 5. c3 e5 6. b4 cxb4 7. d4 exd4 8. cxd4 Nge7 9. e5 O-O 10. Nbd2 a6 11. Bxc6 bxc6 12. Ne4 Nd5 13. Nd6 h6 14.
Bd2 a5 15. Qc1 Kh7 16. Re1 Ba6 17. h3 Bd3 18. Nh2 Qh4 19. Ng4 h5 20. Bg5 Bh6 21. Nxh6 Qxd4 22. Nhxf7 Nc3 23. Bf6 Ne2+ 24. Rxe2 Bxe2 25.
Qh6+ Kg8 26. Qg7# 1-0

[Event "Early-Titled-Tuesday-Blitz-February-27-2024"]
[Site "Chess.com"]
[Date "2024.02.27"]
[Round "4"]
[White "Adar_07"]
[Black "Let_it_be_1"]
[Result "1-0"]
[WhiteElo "2793"]
[BlackElo "2559"]
[TimeControl "180+1"]
[EndTime "8:35:56 PST"]
[Termination "Adar_07 won by resignation"]

1. Nf3 d5 2. c4 e6 3. d4 Nf6 4.
cxd5 exd5 5. Nc3 c6 6. Bg5 Be7 7. e3 Bf5 8. Qb3 Qb6 9. Na4 Qxb3 10. axb3 Bb4+ 11. Ke2 Nbd7 12. Bxf6 gxf6 13. Nh4 Bc2 14. g3 Bxb3 15. Bh3 Bc4+ 16. Kf3 Bd3 17. Bf5 Bxf5 18.
Nxf5 O-O 19. h4 Nb6 20. h5 Nxa4 21. Rxa4 a5 22. Rh4 b5 23. Ra1 Kh8 24. Rah1 a4 25.
Rg4 Rg8 26. Rf4 Bf8 27. e4 b4 28. exd5 cxd5 29. Ra1 Bh6 30. Nxh6 1-0

[Event "Early-Titled-Tuesday-Blitz-February-27-2024"]
[Site "Chess.com"]
[Date "2024.02.27"]
[Round "4"]
[White "the_blue_pill"]
[Black "VinzentSpitzl"]
[Result "1-0"]
[WhiteElo "2409"]
[BlackElo "2525"]
[TimeControl "180+1"]
[EndTime "8:35:56 PST"]
[Termination "the_blue_pill won by resignation"]

1. Nf3 d5 2. e3 Nf6 3. c4 e6 4. Nc3 Be7 5. b3 O-O 6. Bb2 c5 7. cxd5 exd5 8. d4 Nc6 9. dxc5 Bxc5 10. Be2 Bg4 11. O-O d4 12. Na4 Be7 13. Nxd4 Bxe2 14. Qxe2 Nxd4 15. Bxd4 b6 16. Nc3 Rc8 17. Rac1 Qd7 18.
Rfd1 Qb7 19. Qf3 Qxf3 20. gxf3 Ba3 21. Rb1 Rfd8 22. Bxf6 gxf6 23. Rxd8+ Rxd8 24. Rd1 Rc8 25. Nb5 Bc5 26. Nxa7 Ra8 27. Rd7 b5 28. Nxb5 Rxa2 29. Nd6 Rb2 30. Nxf7 Rxb3 31. Nh6+ Kh8 32. Nf5 Bf8 33.
Rf7 Kg8 34. Rxf6 1-0

[Event "Early-Titled-Tuesday-Blitz-February-27-2024"]
[Site "Chess.com"]
[Date "2024.02.27"]
[Round "4"]
[White "Flawless_Fighter"]
[Black "Msb2"]
[Result "0-1"]
[WhiteElo "2735"]
[BlackElo "3023"]
[TimeControl "180+1"]
[EndTime "8:35:58 PST"]
[Termination "Msb2 won by resignation"]

1. e4 e6 2. d4 d5 3. Nd2 c5 4. exd5 Qxd5 5. Ngf3 cxd4 6. Bc4 Qd6 7. O-O Nf6 8. Nb3 Nc6 9. Nbxd4 Nxd4 10. Nxd4 Be7 11. c3 O-O 12. Qf3 e5 13. Nf5 Bxf5 14. Qxf5 Qc7 15. Bb3 a5 16. Bg5 a4 17. Bxf6 axb3 18.
Bxe5 Qa5 19. a3 Bd6 20. f4 Rfe8 21. Rae1 Qc5+ 22. Kh1 f6 23. Qd7 fxe5 24. fxe5 Bxe5 25.
Qf7+ Kh8 26. Re4 Rf8 0-1

[Event "Early-Titled-Tuesday-Blitz-February-27-2024"]
[Site "Chess.com"]
[Date "2024.02.27"]
[Round "4"]
[White "Herman-NY"]
[Black "Supergiuly"]
[Result "1-0"]
[WhiteElo "2520"]
[BlackElo "2313"]
[TimeControl "180+1"]
[EndTime "8:36:01 PST"]
[Termination "Herman-NY won by resignation"]

1. e4 b6 2. d4 Bb7 3. Bd3 e6 4. Nf3 g6 5. O-O Bg7 6. Re1 Ne7 7. c4 O-O 8. Nc3 d5 9. cxd5 exd5 10. e5 c5 11. Nb5 Nc8 12. Bg5 Qd7 13. a4 a6 14. Nc3 Nc6 15. Ne2 h6 16. Bf4 N8e7 17.
Qd2 Kh7 18. h4 Nf5 19. h5 g5 20. Ng3 Ne7 21. Nxf5 Nxf5 22. g4 Kh8 23. Bxf5 Qe7 24. Bg3 Bc8 25. Qd3 c4 26. Qc2 b5 27. axb5 Bxf5 28.
gxf5 axb5 29. Rxa8 Rxa8 30. f6 1-0

[Event "Early-Titled-Tuesday-Blitz-February-27-2024"]
[Site "Chess.com"]
[Date "2024.02.27"]
[Round "4"]
[White "AryanTari"]
[Black "Fumitoks"]
[Result "1-0"]
[WhiteElo "2935"]
[BlackElo "2616"]
[TimeControl "180+1"]
[EndTime "8:36:03 PST"]
[Termination "AryanTari won by checkmate"]

1. b3 b6 2. Bb2 Bb7 3. Nf3 f6 4. d4 Nh6 5. Nbd2 d5 6. c4 e6 7.
Qc2 Be7 8. O-O-O a5 9. e4 a4 10. exd5 exd5 11. Bd3 Na6 12. Bxh7 Nb4 13. Qg6+ Kf8 14.
a3 Na2+ 15. Kb1 axb3 16. c5 bxc5 17. dxc5 Bxc5 18. Ne4 Bxa3 19. Bxf6 gxf6 20. Qxh6+ Ke7 21. Qg7+ Ke6 22. Nd4+ Ke5 23. Qg3# 1-0

[Event "Early-Titled-Tuesday-Blitz-February-27-2024"]
[Site "Chess.com"]
[Date "2024.02.27"]
[Round "4"]
[White "1mbl4"]
[Black "rezamahdavi2008"]
[Result "0-1"]
[WhiteElo "2600"]
[BlackElo "2887"]
[TimeControl "180+1"]
[EndTime "8:36:05 PST"]
[Termination "rezamahdavi2008 won by resignation"]

1. d4 Nf6 2. Bf4 b6 3. Nc3 Bb7 4. f3 d5 5. e3 e6 6. Nb5 Na6 7. c4 Nh5 8. Be5 f6 9. Bg3 Nxg3 10. hxg3 c6 11. Nc3 g6 12. Bd3 Bd6 13. Bxg6+ Ke7 14.
Bd3 Bxg3+ 15. Kf1 Nb4 16. cxd5 cxd5 17. Nge2 Bd6 18. a3 Nxd3 19. Qxd3 Qg8 20. Nb5 Qg6 21. Qb3 Rhg8 22. g4 Rad8 23. Rc1 Bb8 24. Qb4+ Kf7 25.
Nxa7 Qd3 26. Qxb6 Ba6 27. Rh2 Bxh2 0-1

[Event "Early-Titled-Tuesday-Blitz-February-27-2024"]
[Site "Chess.com"]
[Date "2024.02.27"]
[Round "4"]
[White "Kev4444444444"]
[Black "viktorgen2021"]
[Result "0-1"]
[WhiteElo "2268"]
[BlackElo "2511"]
[TimeControl "180+1"]
[EndTime "8:36:06 PST"]
[Termination "viktorgen2021 won by resignation"]

1. c4 Nf6 2. Nc3 g6 3. e4 Bg7 4. e5 Ng8 5. d4 d6 6. exd6 cxd6 7. h3 Nf6 8. Nf3 d5 9. Bg5 Ne4 10. Nxd5 Nxg5 11. Nxg5 Nc6 12. Nf3 O-O 13. Be2 e6 14.
Ne3 Nxd4 15. Nxd4 Bxd4 16. Qc1 Qa5+ 17. Kf1 Bd7 18. Nc2 Bg7 19. Bf3 Bc6 20. Bxc6 bxc6 21. a3 Rad8 22. Ne3 Qe5 23. Rb1 Qe4 24. Kg1 Rd4 25. Kh2 Qf4+ 26. Kg1 Rfd8 27. g3 Qf3 28. Qc2 Rd2 0-1

[Event "Early-Titled-Tuesday-Blitz-February-27-2024"]
[Site "Chess.com"]
[Date "2024.02.27"]
[Round "4"]
[White "Roosters19"]
[Black "Better_Chess_Faster"]
[Result "1-0"]
[WhiteElo "2309"]
[BlackElo "2117"]
[TimeControl "180+1"]
[EndTime "8:36:08 PST"]
[Termination "Roosters19 won by resignation"]

1. d4 d5 2. Nf3 Nf6 3. Bg5 Ne4 4. Nbd2 Nxg5 5. Nxg5 e5 6. Ngf3 e4 7. Ng1 c5 8. e3 cxd4 9. exd4 Nc6 10. c3 Bd6 11. Bb5 O-O 12. Ne2 Re8 13. Qb3 Be6 14. O-O-O Na5 15. Qa4 Re7 16. Ng3 a6 17. Be2 b5 18.
Qc2 b4 19. Kb1 bxc3 20. Qxc3 Rb8 21. Nb3 Nc4 22. Bxc4 dxc4 23. Nc5 Qb6 24. Ngxe4 Bf5 25. f3 Rxe4 26. fxe4 Bxc5 27. dxc5 Bxe4+ 28. Ka1 Qxc5 29. Rhe1 Bd5 30. Re5 Rd8 31. Qd4 Qxd4 32. Rxd4 c3 33. bxc3 1-0

[Event "Early-Titled-Tuesday-Blitz-February-27-2024"]
[Site "Chess.com"]
[Date "2024.02.27"]
[Round "4"]
[White "Alblooshi_Hamad"]
[Black "Keures"]
[Result "0-1"]
[WhiteElo "2159"]
[BlackElo "2369"]
[TimeControl "180+1"]
[EndTime "8:36:10 PST"]
[Termination "Keures won by checkmate"]

1. d4 f5 2. c4 e6 3. Nc3 Nf6 4. g3 Be7 5. Bg2 O-O 6. Nf3 d6 7.
O-O Ne4 8. Qc2 Nxc3 9. Qxc3 a5 10. a3 Bf6 11. h4 h6 12. Rb1 a4 13. Re1 Nc6 14. Bd2 e5 15. dxe5 dxe5 16. e4 f4 17. Rbd1 Qe8 18. Qc2 Qh5 19. Bb4 Nxb4 20. axb4 Bg4 21.
Qc3 fxg3 22. fxg3 Bxh4 23. gxh4 Bxf3 24. Rd3 Bxg2 25. Kxg2 Qxh4 26. Rg3 Qf4 27. c5 Rad8 28. Ree3 Qf1+ 29. Kh2 Rf2+ 30. Rg2 Qxg2# 0-1

[Event "Early-Titled-Tuesday-Blitz-February-27-2024"]
[Site "Chess.com"]
[Date "2024.02.27"]
[Round "4"]
[White "SaqoChess_Twitch"]
[Black "kibromNNN"]
[Result "1-0"]
[WhiteElo "2598"]
[BlackElo "1793"]
[TimeControl "180+1"]
[EndTime "8:36:12 PST"]
[Termination "SaqoChess_Twitch won on time"]

1. d4 Nf6 2. c4 e6 3. Nc3 d5 4. cxd5 exd5 5. Bg5 Be7 6. e3 c6 7.
Bd3 O-O 8. Qc2 Nbd7 9. Nf3 Re8 10. O-O Nf8 11. Bxf6 Bxf6 12. b4 a6 13. a4 Bg4 14.
Nd2 Bh5 15. b5 Qd7 16. bxc6 bxc6 17. a5 Bg6 18. Na4 Bxd3 19. Qxd3 Qd6 20. Nc5 Ne6 21. Nxa6 Bd8 22. Nb3 Re7 23. Nac5 Nxc5 24. dxc5 Qe5 25. a6 Re6 26. Nd4 Rh6 27. h3 Rg6 28. f4 Qh5 29. Kh2 Bh4 30. Rf3 h6 31. a7 Bd8 32. Qb1 Bc7 33.
Qb7 Rxg2+ 34. Kxg2 Qg5+ 35. fxg5 1-0

[Event "Early-Titled-Tuesday-Blitz-February-27-2024"]
[Site "Chess.com"]
[Date "2024.02.27"]
[Round "4"]
[White "AlexeiShirov"]
[Black "Elprofessor21"]
[Result "1-0"]
[WhiteElo "2861"]
[BlackElo "2666"]
[TimeControl "180+1"]
[EndTime "8:36:14 PST"]
[Termination "AlexeiShirov won by resignation"]

1. e4 c5 2. Nf3 e6 3. d4 cxd4 4. Nxd4 Nf6 5. Nc3 Nc6 6. Nxc6 bxc6 7. e5 Nd5 8. Ne4 Qc7 9. f4 Qb6 10. c4 Ne3 11. Qd3 Bb4+ 12. Bd2 O-O 13. b3 f5 14. Nc3 Ng4 15. Nd1 Bc5 16. Be2 Nf2 17. Nxf2 Bxf2+ 18. Kf1 Bd4 19. Rd1 c5 20. Be3 Bxe3 21. Qxe3 Bb7 22.
Kf2 Bc6 23. Bf3 Bxf3 24. Qxf3 a5 25. Rxd7 a4 26. Rb7 Qa5 27. Rd1 axb3 28. Rdd7 1-0

[Event "Early-Titled-Tuesday-Blitz-February-27-2024"]
[Site "Chess.com"]
[Date "2024.02.27"]
[Round "4"]
[White "dorpato"]
[Black "GAusal"]
[Result "0-1"]
[WhiteElo "2103"]
[BlackElo "2300"]
[TimeControl "180+1"]
[EndTime "8:36:16 PST"]
[Termination "GAusal won by resignation"]

1. e4 c5 2. Nc3 e6 3. g3 Nc6 4. Bg2 g6 5. d3 Bg7 6. Be3 b6 7. Qd2 Nge7 8. Bh6 O-O 9. h4 Nd4 10. Bxg7 Kxg7 11. h5 Rh8 12. O-O-O Bb7 13. f4 f5 14.
Nge2 Nxe2+ 15. Qxe2 Qc7 16. exf5 Nxf5 17. Bxb7 Qxb7 18. g4 Nd4 19. Qe5+ Kf7 20. Ne4 Qd5 21. Qf6+ Ke8 22. Qxh8+ Ke7 23. Qg7+ Kd8 24. Nf6 Qg2 25. Qf8+ Kc7 26. Rd2 Qxh1+ 27. Rd1 Qg2 28. Rd2 Qf1+ 29. Rd1 Qxf4+ 30. Kb1 Rxf8 0-1

[Event "Early-Titled-Tuesday-Blitz-February-27-2024"]
[Site "Chess.com"]
[Date "2024.02.27"]
[Round "4"]
[White "VladimirBugayev"]
[Black "AsaHoffmann"]
[Result "1-0"]
[WhiteElo "2237"]
[BlackElo "2448"]
[TimeControl "180+1"]
[EndTime "8:36:17 PST"]
[Termination "VladimirBugayev won by resignation"]

1. e4 d6 2. Nc3 c6 3. Bc4 Nf6 4. Bb3 d5 5. e5 Nfd7 6. f4 Nc5 7.
d4 Nxb3 8. axb3 Bf5 9. g4 Bc8 10.
h3 h5 11. f5 hxg4 12. Qxg4 Qd7 13. e6 fxe6 14. Qg6+ Kd8 15. Bg5 exf5 16. Nf3 Qe6+ 17. Ne5 Qxg6 18. Nxg6 Rg8 19. b4 Nd7 20. b5 Ke8 21. h4 Kf7 22. h5 e6 23. bxc6 b6 24.
cxd7 Bxd7 25. Ne5+ Ke8 26. Ne2 Bd6 27. Nf4 Bxe5 28.
dxe5 Kf7 29. c3 a5 30. Kd2 Rac8 31. b4 Rc4 32. bxa5 bxa5 33. Rxa5 Rgc8 34. Ra7 R8c7 35.
Rxc7 Rxc7 36. h6 gxh6 37. Rxh6 Ra7 38. Rh7+ Ke8 39. Re7+ Kf8 40. Nxe6+ Bxe6 41. Rxa7 1-0

[Event "Early-Titled-Tuesday-Blitz-February-27-2024"]
[Site "Chess.com"]
[Date "2024.02.27"]
[Round "4"]
[White "biostatistician"]
[Black "LyonBeast"]
[Result "0-1"]
[WhiteElo "2566"]
[BlackElo "3140"]
[TimeControl "180+1"]
[EndTime "8:36:20 PST"]
[Termination "LyonBeast won on time"]

1. d4 Nf6 2. Nf3 e6 3. c4 d5 4. Nc3 dxc4 5. e3 a6 6. Bxc4 b5 7. Be2 Bb7 8. O-O Nbd7 9. b3 Bd6 10.
Bb2 Qe7 11. Ng5 e5 12. Qc2 e4 13. f3 exf3 14. Bxf3 Qxe3+ 15. Kh1 Qxg5 16. Bxb7 Rb8 17. Rae1+ Kf8 18. Ne4 Nxe4 19. Qxe4 Nf6 20. Qf3 h5 21. Re5 Qg4 22. Qf2 Rxb7 23. Rf5 Kg8 24. d5 Ne4 25.
Qd4 f6 26. R5f4 Bxf4 27. Qxe4 Be5 28. Qc2 Bxb2 29. Qxb2 Qd7 0-1

[Event "Early-Titled-Tuesday-Blitz-February-27-2024"]
[Site "Chess.com"]
[Date "2024.02.27"]
[Round "4"]
[White "goodluck06"]
[Black "Lovetov"]
[Result "0-1"]
[WhiteElo "2717"]
[BlackElo "2552"]
[TimeControl "180+1"]
[EndTime "8:36:21 PST"]
[Termination "Lovetov won by resignation"]

1. Nf3 c5 2. c4 Nc6 3. Nc3 g6 4.
e3 Nf6 5. d4 cxd4 6. exd4 d5 7.
cxd5 Nxd5 8. Bc4 e6 9. Bg5 Be7 10. Bxe7 Ncxe7 11. O-O O-O 12. Ne4 b6 13. Ne5 f6 14. Nf3 Bb7 15. Re1 Rc8 16. Bb3 Kg7 17.
Ng3 Qd7 18. Qd2 Rfe8 19. h4 Nc7 20. Nh2 Qc6 21. f3 Nf5 22. Nxf5+ gxf5 23. Nf1 Qd6 24.
Rad1 Rcd8 25. Qf2 Kh8 26. Qg3 f4 27. Qg4 Rg8 28. Qh5 Bd5 29. Bxd5 Nxd5 30. Re4 Rg6 31.
Rd2 Rdg8 32. Rde2 Nc7 33. Rd2 Qf8 34. Rxf4 Rh6 0-1

[Event "Early-Titled-Tuesday-Blitz-February-27-2024"]
[Site "Chess.com"]
[Date "2024.02.27"]
[Round "4"]
[White "BilodeauA"]
[Black "sotochess"]
[Result "1-0"]
[WhiteElo "3012"]
[BlackElo "2630"]
[TimeControl "180+1"]
[EndTime "8:36:22 PST"]
[Termination "BilodeauA won on time"]

1. e4 d5 2. exd5 Qxd5 3. Nc3 Qa5 4. Nf3 Nf6 5. d4 c6 6. Ne5 Be6 7. f4 Nbd7 8. Be2 Nxe5 9. fxe5 Ne4 10. Bd2 Nxd2 11.
Qxd2 O-O-O 12. O-O Qxe5 13. Rad1 Qa5 14. Qe3 g6 15. b4 Qa3 16. d5 Bg7 17. Rd3 Bf5 18.
Nb5 Qxb4 19. Rb3 Qxb3 20. Nxa7+ Kb8 21. axb3 Rxd5 22. Nxc6+ Kc7 23. Nxe7 Re5 24. Qc3+ 1-0

[Event "Early-Titled-Tuesday-Blitz-February-27-2024"]
[Site "Chess.com"]
[Date "2024.02.27"]
[Round "4"]
[White "jraosam"]
[Black "ikhasu"]
[Result "1-0"]
[WhiteElo "1940"]
[BlackElo "2440"]
[TimeControl "180+1"]
[EndTime "8:36:22 PST"]
[Termination "jraosam won by resignation"]

1. Nf3 d5 2. c4 e6 3. e3 Nf6 4. b3 c5 5. Bb2 Nc6 6. cxd5 Nxd5 7. Be2 Be7 8. O-O O-O 9. d4 cxd4 10. Nxd4 Bd7 11.
Nc3 Nxc3 12. Bxc3 Rc8 13. Nxc6 Bxc6 14. Bd4 Qa5 15. Bf3 Rfd8 16. Bxc6 Rxc6 17. Qg4 e5 18. Bb2 Rc2 19. b4 Bxb4 20. Bxe5 Qxe5 21. Qxb4 b6 22. Rad1 Rdc8 23. Qa4 a5 24. Qxc2 1-0

[Event "Early-Titled-Tuesday-Blitz-February-27-2024"]
[Site "Chess.com"]
[Date "2024.02.27"]
[Round "4"]
[White "Muslim_player_05"]
[Black "DonJuanEGenaro"]
[Result "1-0"]
[WhiteElo "2463"]
[BlackElo "2021"]
[TimeControl "180+1"]
[EndTime "8:36:23 PST"]
[Termination "Muslim_player_05 won on time"]

1. c4 e6 2. d4 d5 3. Nc3 c5 4. cxd5 cxd4 5. Qxd4 Nc6 6. Qd1 exd5 7. Qxd5 Be6 8. Qxd8+ Rxd8 9. Bd2 Nb4 10. Rc1 Nxa2 11. Nxa2 Bxa2 12. Ra1 Bb3 13. Rxa7 Bb4 14. Nf3 Bxd2+ 15.
Nxd2 Bd5 16. e4 Bc6 17. Bc4 Nf6 18. f3 O-O 19. Ke2 1-0